 Dungeon Crawl Stone Soup version 0.19.0-2-gae57169 (webtiles) character file.

3652 imganon the Cleaver (level 9, 0/94 HPs)
             Began as a Demonspawn Berserker on Nov 5, 2016.
             Was an Elder of Trog.
             Slain by Grum
             ... wielding a -2 spear of freezing
              (6 damage)
             ... on level 8 of the Dungeon.
             The game lasted 00:13:27 (8194 turns).

imganon the Cleaver (Demonspawn Berserker)          Turns: 8194, Time: 00:13:28

Health: 0/94       AC:  8    Str: 25    XL:     9   Next: 88%
Magic:  9/9        EV: 11    Int:  9    God:    Trog [****..]
Gold:   423        SH:  0    Dex: 13    Spells: 0 memorised, 8 levels left

rFire  . . .     SeeInvis .     E - +0 war axe
rCold  . . .     Gourm    .     l - +0 ring mail
rNeg   . . .     Faith    .     (no shield)
rPois  .         Spirit   .     (helmet restricted)
rElec  .         Reflect  .     u - +2 cloak
rCorr  +         Harm     .     (no gloves)
MR     .....                    (no boots)
Stlth  ..........               (no amulet)
                                (no ring)
                                y - ring of resist corrosion

@: berserking (expiring), very quick
A: horns 1, foul stench 1, powered by pain 2, rot immunity
a: Berserk, Trog's Hand, Brothers in Arms, Burn Spellbooks, Renounce Religion


You were on level 8 of the Dungeon.
You worshipped Trog.
Trog was greatly pleased with you.
You were hungry.

You visited 1 branch of the dungeon, and saw 8 of its levels.

You collected 423 gold pieces.

Inventory:

Hand Weapons
 a - a +0 hand axe
 E - a +0 war axe (weapon)
Armour
 l - a +0 ring mail (worn)
 u - a +2 cloak (worn)
Jewellery
 j - a +2 amulet of reflection {unknown}
 y - a ring of resist corrosion (left hand)
 B - an uncursed ring of ice
Wands
 t - a wand of acid (1/15)
 A - a wand of polymorph (21/24)
 I - a wand of polymorph (15/24)
Scrolls
 b - 2 scrolls of teleportation {unknown}
 d - 2 scrolls of recharging
 e - a scroll of blinking
 f - 5 scrolls of remove curse {unknown}
 h - 3 scrolls of fear {unknown}
 i - 8 scrolls of identify {unknown}
 n - 3 scrolls of enchant weapon {unknown}
 r - 2 scrolls of amnesia {unknown}
 v - 2 scrolls of enchant armour {unknown}
 x - 2 scrolls of magic mapping {unknown}
Potions
 g - a potion of curing
 k - a potion of brilliance {unknown}
 p - 2 potions of invisibility {unknown}
 q - a potion of cure mutation {unknown}
 s - a potion of mutation {unknown}
 z - a potion of ambrosia {unknown}
 C - a potion of resistance {unknown}
 D - 2 potions of agility
 F - a potion of cancellation {unknown}
 G - a potion of might {unknown}
 J - a potion of flight {unknown}
Comestibles
 c - 10 bread rations
 m - a beef jerky
 o - 4 meat rations
 w - 3 fruits
 H - 2 chunks of flesh


   Skills:
 - Level 3.0 Fighting
 + Level 12.9 Axes
 - Level 1.7 Armour
 - Level 1.7 Dodging


You had 8 spell levels left.
You didn't know any spells.

Dungeon Overview and Level Annotations

Branches:
Dungeon (8/15)             Temple (0/1) D:7
   Lair: D:8-11

Altars:
Ashenzari
Cheibriados
Dithmenos
Sif Muna
Trog
The Shining One

Annotations:
D:8 Grum


Innate Abilities, Weirdness & Mutations

You have a pair of small horns on your head.
You may emit foul miasma when damaged in melee.
You sometimes gain power by taking damage.
You are immune to rotting.


Message History

You kill the wolf!
Trog accepts your kill.
Your life force feels restored.
You slash the white imp!
You kill the white imp!
Trog accepts your kill.
Unknown command.
Grum hits you but does no damage.
Grum looks sick.
You closely miss Grum. Your headbutt misses Grum.
Unknown command.
Unknown command.
You closely miss Grum. Grum barely misses you.
Unknown command.
You barely miss Grum.
Unknown command.
You completely miss Grum. You headbutt Grum.
Grum is lightly wounded.
Grum says, "What's my secret?
I feed my dogs Demonspawn.
It makes their fur nice and shiny."
Grum hits you with a spear of freezing.
You die...

.#........ .........
......... .........
....8...# ........###
.......g..# ..
......†@..# ...
.....##.§.####.##.
.....##...............
.......................
...#.........#.........
$ .#.........#.........
............#.........
...>..................
........###............


You could see Grum.

Vanquished Creatures
  Joseph (D:7)
  A spriggan (D:7)
  Duvessa (D:5)
  4 ice beasts
  2 black bears
  A necrophage (D:5)
  3 ogres
  4 wolves (D:8)
  2 centaurs
  A bullfrog (D:7)
  Dowan (D:5)
  18 wights
  4 hounds
  2 crimson imps (D:6)
  A quasit (D:7)
  A bullfrog zombie (D:5)
  3 orc priests
  2 orc wizards (D:7)
  A bullfrog skeleton (D:4)
  4 iguanas
  2 worker ants
  A centaur simulacrum (D:8)
  A hound zombie (D:5)
  3 gnolls (D:6)
  10 adders
  A howler monkey skeleton (D:5)
  2 shadow imps
  2 white imps (D:8)
  A worker ant simulacrum (D:8)
  An adder skeleton (D:7)
  3 worms
  3 dart slugs
  4 leopard geckos
  13 orcs
  8 bats
  5 giant cockroaches
  6 goblins
  7 hobgoblins
  7 jackals
  2 quokkas
  2 ball pythons
  2 frilled lizards
  5 kobolds
  A quokka skeleton (D:5)
  A quokka zombie (D:8)
  9 rats
159 creatures vanquished.

Notes
Turn   | Place    | Note
-------+----------+-------------------------------------------
     0 | D:1      | imganon the Demonspawn Berserker began the quest for the Orb.
     0 | D:1      | Reached XP level 1. HP: 18/18 MP: 1/1
    42 | D:1      | Reached skill level 3 in Axes
   346 | D:1      | Found a shattered altar of Ashenzari.
   405 | D:1      | Gained mutation: You have a pair of small horns on your head. [demonic ancestry]
   405 | D:1      | Reached XP level 2. HP: 24/24 MP: 2/2
   811 | D:2      | Reached ** piety under Trog
   972 | D:2      | Gained mutation: You are immune to rotting. [demonic ancestry]
   972 | D:2      | Reached XP level 3. HP: 29/29 MP: 3/3
  1004 | D:2      | Found a shadowy altar of Dithmenos.
  1152 | D:2      | Found a faded altar of an unknown god.
  1397 | D:2      | Reached skill level 4 in Axes
  2070 | D:2      | Found a deep blue altar of Sif Muna.
  2253 | D:3      | Gained mutation: You sometimes gain a little power by taking damage. [demonic ancestry]
  2253 | D:3      | Reached XP level 4. HP: 31/35 MP: 4/4
  2606 | D:3      | Reached skill level 5 in Axes
  2610 | D:3      | Gained mutation: You sometimes gain power by taking damage. [demonic ancestry]
  2610 | D:3      | Reached XP level 5. HP: 16/41 MP: 5/5
  3320 | D:4      | Found a glowing golden altar of the Shining One.
  3664 | D:4      | Noticed an ogre
  3673 | D:4      | Killed an ogre
  3673 | D:4      | Reached skill level 6 in Axes
  3673 | D:4      | Reached XP level 6. HP: 43/47 MP: 6/6
  4006 | D:4      | Found a snail-covered altar of Cheibriados.
  4207 | D:5      | Entered Level 5 of the Dungeon
  4217 | D:5      | Reached skill level 7 in Axes
  4221 | D:5      | Reached *** piety under Trog
  4222 | D:5      | Reached XP level 7. HP: 36/52 MP: 7/7
  4432 | D:5      | You fall through a shaft!
  4485 | D:5      | Found a bloodstained altar of Trog.
  4698 | D:5      | Reached skill level 8 in Axes
  5253 | D:5      | Noticed Duvessa
  5268 | D:5      | Killed Duvessa
  5268 | D:5      | Gained mutation: You may emit foul miasma when damaged in melee. [demonic ancestry]
  5268 | D:5      | Reached XP level 8. HP: 49/58 MP: 8/8
  5274 | D:5      | Noticed Dowan
  5344 | D:5      | Killed Dowan
  5344 | D:5      | Reached skill level 9 in Axes
  5994 | D:6      | Reached skill level 10 in Axes
  7058 | D:7      | Found a staircase to the Ecumenical Temple.
  7289 | D:7      | Reached skill level 11 in Axes
  7295 | D:7      | Reached XP level 9. HP: 36/63 MP: 9/9
  7689 | D:7      | Reached **** piety under Trog
  7699 | D:7      | Noticed Joseph
  7712 | D:7      | Killed Joseph
  8012 | D:7      | Reached skill level 12 in Axes
  8172 | D:8      | Noticed Grum
  8194 | D:8      | Slain by Grum

Skill      XL: |  1  2  3  4  5  6  7  8  9 |
---------------+----------------------------+-----
Axes           | 3 4 5 6 7 8 11 12 | 12.9
Fighting       | |  3.0
Armour         | |  1.7
Dodging        | |  1.7

Action                   |  1- 3 |  4- 6 |  7- 9 || total
-------------------------+-------+-------+-------++-------
Melee: Hand axe          |   117 |   171 |    47 ||   335
       Headbutt          |    16 |    29 |    59 ||   104
       War axe           |       |       |   283 ||   283
Invok: Berserk           |       |     3 |     7 ||    10
       Burn Spellbooks   |       |       |     1 ||     1
  Use: Scroll            |       |       |     3 ||     3
       Potion            |       |       |     3 ||     3
  Eat: Chunk             |     4 |     8 |    11 ||    23
       Pizza             |       |       |     2 ||     2
       Bread ration      |       |       |     1 ||     1
       Beef jerky        |       |       |     1 ||     1
Armor: Animal skin       |    16 |       |       ||    16
       Ring mail         |    22 |    55 |   120 ||   197
Dodge: Dodged            |    88 |   101 |   196 ||   385
